 Dungeon Crawl Stone Soup version 0.28.0-53-g5a82cb258f (webtiles) character file.

Game seed: 4974116662138506593

68 ShadowYui the Skirmisher (level 4, -3/40 HPs)
             Began as a Minotaur Fighter on May 28, 2022.
             Slain by Pikel
             ... wielding a +2 whip of electrocution
              (4 damage)
             ... on level 4 of the Dungeon.
             The game lasted 00:01:34 (1608 turns).

ShadowYui the Skirmisher (Minotaur Fighter)         Turns: 1608, Time: 00:01:35

Health: -3/40      AC:  8    Str: 22    XL:     4   Next: 1%
Magic:  3/3        EV:  9    Int:  5    God:
Gold:   105        SH:  4    Dex: 10    Spells: 3/3 levels left

rFire   . . .      SeeInvis .   j - +2 mace (drain)
rCold   . . .      Faith    .   c - +0 buckler
rNeg    + . .      Spirit   .   b - +0 scale mail
rPois   .          Reflect  .   (helmet restricted)
rElec   .          Harm     .   g - +0 cloak
rCorr   .          Rampage  .   (no gloves)
Will    .....                   (no boots)
Stlth   ..........              (no amulet)
HPRegen 0.13/turn               f - ring of positive energy
MPRegen 0.08/turn               (no ring)

@: mighty
A: horns 2, retaliatory headbutt
a: no special abilities


You were on level 4 of the Dungeon.
You visited 1 branch of the dungeon, and saw 3 of its levels.

You collected 105 gold pieces.

Inventory:

Hand Weapons
 a - a +0 flail
 j - a +2 mace of draining (weapon)
Armour
 b - a +0 scale mail (worn)
 c - a +0 buckler (worn)
 g - a +0 cloak (worn)
Jewellery
 f - a ring of positive energy (left hand)
Scrolls
 e - 4 scrolls of identify {unknown}
 h - a scroll of teleportation {unknown}
 i - a scroll of enchant armour {unknown}
 l - a scroll of immolation {unknown}
 m - a scroll of fear {unknown}
Potions
 k - 2 potions of resistance {unknown}


   Skills:
 + Level 4.2 Fighting
 * Level 3.8 Maces & Flails
 + Level 4.1 Armour
 + Level 4.1 Shields


You had 3 spell levels left.
You didn't know any spells.
Your spell library was empty.

Dungeon Overview and Level Annotations

Branches:
Dungeon (2/15)

Altars:

Shops:
D:1 :

Annotations:
D:4 Pikel


Innate Abilities, Weirdness & Mutations

You have a pair of horns on your head.
You reflexively headbutt those who attack you in melee.


Message History

The lemure completely misses you.
You sock the lemure!
The lemure is heavily wounded.
You hear a shout!
The lemure hits you but does no damage.
Pikel, Merchant of Souls comes into view.
He is wielding a +2 whip of electrocution.
You hit the lemure.
The lemure is severely wounded.
You hit Pikel. You headbutt Pikel, but do no damage.
Pikel is lightly wounded.
You block Pikel's attack.
You hit Pikel but do no damage.
Pikel is lightly wounded.
Pikel barely misses you.
You hit Pikel but do no damage.
Pikel is lightly wounded.
Pikel hits you with a +2 whip of electrocution.
You closely miss Pikel.
Pikel is lightly wounded.
Pikel hits you with a +2 whip of electrocution!
You are electrocuted!
Pikel hits you with a +2 whip of electrocution!
* * * LOW HITPOINT WARNING * * *
You are too injured to fight recklessly!
You are too injured to fight recklessly!
You are too injured to fight recklessly!
Unknown command.
You feel very mighty all of a sudden.
A lemure comes into view.
The lemure shouts!
You hit Pikel. You drain Pikel.
Pikel is moderately wounded.
Pikel barely misses you. Pikel waves his whip at you.
Pikel hits you with a +2 whip of electrocution.
* * * LOW HITPOINT WARNING * * *
You hit Pikel. Your headbutt misses Pikel.
Pikel is moderately wounded.
Pikel hits you with a +2 whip of electrocution.
You die... # # # # # # ##################### #55K@................ #.################### #

You could see Pikel (drained) and 2 lemures.

Vanquished Creatures
  4 adders
  A dart slug (D:1)
  5 endoplasms
  4 giant cockroaches
  A goblin (D:1)
  A hobgoblin (D:2)
  A quokka (D:1)
  5 ball pythons
  A bat (D:1)
  3 frilled lizards (D:1)
  4 rats (D:1)
30 creatures vanquished.

Notes
Turn   | Place    | Note
-------+----------+-------------------------------------------
     0 | D:1      | ShadowYui the Minotaur Fighter began the quest for the Orb.
     0 | D:1      | Reached XP level 1. HP: 19/19 MP: 0/0
   134 | D:1      | Reached XP level 2. HP: 27/27 MP: 1/1
   308 | D:1      | Found a faded altar of an unknown god.
   372 | D:1      | Found Boj Wuum's Book Emporium.
  1044 | D:2      | Reached XP level 3. HP: 26/33 MP: 2/2
  1345 | D:2      | You fall into a shaft and drop 2 floors!
  1594 | D:4      | Reached XP level 4. HP: 40/40 MP: 3/3
  1595 | D:4      | Noticed a lemure
  1599 | D:4      | Noticed Pikel
  1606 | D:4      | Noticed a lemure
  1607 | D:4      | HP: 1/40 [Pikel/+2 whip of electrocution (5)]
  1608 | D:4      | Slain by Pikel

Illustrated notes

Levels and vault maps discovered:
D:1:      matt_arrival_los_fun, layout_basic, serial_shops, shop_fountains,
          hellmonk_ecumenical_altar_run_dry
D:2:      layout_loops_cross, serial_shops, shop, st_stairs_11, uniq_sigmund
D:4:      layout_basic, mainiacjoe_overflow_alcove_2, minmay_temple_entry_ruins,
          uniq_grinder, uniq_blork_the_orc, uniq_pikel

Skill      XL: |  1  2  3 |
---------------+----------+-----
Maces & Flails | 3 |  3.8
Fighting       | 4 |  4.2
Armour         | 4 |  4.1
Shields        | 4 |  4.1

Action                   |  1- 3 |  4- 6 || total
-------------------------+-------+-------++-------
Melee: Flail             |    33 |       ||    33
       Headbutt          |     8 |     1 ||     9
       Mace              |    25 |    10 ||    35
  Use: Potion            |       |     1 ||     1
Armor: Scale mail        |    33 |     1 ||    34
Dodge: Dodged            |    25 |     4 ||    29
Block: Buckler           |     9 |     1 ||    10
